 Dungeon Crawl Stone Soup version 0.25.1-8-g42b30a86e7 (webtiles) character file.

Game seed: 15233913534942147441

159 Destapler the Skirmisher (level 5, -4/48 HPs)
             Began as a Demonspawn Monk on Dec 11, 2020.
             Slain by a gnoll
             ... wielding a +0 flail
              (8 damage)
             ... on level 2 of the Dungeon.
             The game lasted 00:04:09 (1483 turns).

Destapler the Skirmisher (Demonspawn Monk)          Turns: 1483, Time: 00:04:09

Health: -4/48      AC:  2    Str: 17    XL:     5   Next: 17%
Magic:  5/5        EV: 13    Int: 11    God:
Gold:   97         SH:  5    Dex: 17    Spells: 4/4 levels left

rFire    . . .     SeeInvis .   a - +0 falchion
rCold    . . .     Gourm    .   q - +0 buckler
rNeg     . . .     Faith    .   b - +0 robe
rPois    .         Spirit   .   (helmet restricted)
rElec    .         Reflect  .   (no cloak)
rCorr    .         Harm     .   (no gloves)
MR       .....                  (no boots)
Stlth    +++.......             o - amulet of regeneration
HPRegen  0.56/turn              h - +6 ring of strength
MPRegen  0.09/turn              (no ring)

@: stab
A: antennae 1, hooves 1, nightstalker 1, robust 1, rot immunity
a: no special abilities


You were on level 2 of the Dungeon.
You were not hungry.

You visited 1 branch of the dungeon, and saw 3 of its levels.

You collected 97 gold pieces.

Inventory:

Hand Weapons
 a - a +0 falchion (weapon)
Missiles
 k - 2 throwing nets (quivered)
Armour
 b - a +0 robe (worn)
 q - a +0 buckler (worn)
Jewellery
 h - a +6 ring of strength (left hand)
 o - an amulet of regeneration (around neck)
Scrolls
 d - 2 scrolls of immolation {unknown}
 i - 2 scrolls of identify {unknown}
 j - a scroll of enchant armour {unknown}
 m - a scroll of teleportation {unknown}
 p - a scroll of remove curse {unknown}
 s - a scroll of random uselessness {unknown}
 t - a scroll of enchant weapon {unknown}
Potions
 e - 2 potions of mutation
 l - a potion of invisibility {unknown}
 n - a potion of lignification {unknown}
 r - a potion of heal wounds {unknown}
Comestibles
 c - 4 rations
 f - 10 chunks of flesh


   Skills:
 + Level 5.2 Fighting
 - Level 2.6 Long Blades
 - Level 2.6 Dodging
 - Level 1.7 Stealth
 * Level 2.2 Shields


You had 4 spell levels left.
You didn't know any spells.
Your spell library was empty.

Dungeon Overview and Level Annotations

Branches:
Dungeon (3/15)

Altars:


Innate Abilities, Weirdness & Mutations

You have large cloven feet.
You are slightly more attuned to the shadows.
You are immune to rotting.
You have a pair of small antennae on your head.
You are robust. (+10% HP)


Message History

The hound bites you.
* * * LOW HITPOINT WARNING * * *
The helpless bat fails to defend itself.
You hit the bat.
You kill the bat!
The hound bites you.
* * * LOW HITPOINT WARNING * * *
The hound closely misses you.
The hound pauses to sniff the ground.
The hound bites you but does no damage.
It was a potion of mutation.
You feel extremely strange. A pair of antennae grows on your head!
You feel robust. The hound bites you.
* * * LOW HITPOINT WARNING * * *
It was a potion of stabbing.
You feel ready to backstab. The hound bites you.
* * * LOW HITPOINT WARNING * * *
The gnoll hits you with a +0 flail!
You die...

####### #.....#
#....[##
#......####
#....gJ{.r#
#....g###h#
#.....?.#@# ##
#.......g.# ###
#.
#.....##..######
#.... #.
#.K...##...<....
#....# #.
#.....###.......
#....# #.
#.....###.......
#....###.
+.....+.....!...
#........
#.........
#........ ...
#####...#+####
#........


You could see a hound, a gnoll and a rat.

Vanquished Creatures
  A hound (D:2)
  4 gnolls
  An adder (D:3)
  An ooze (D:1)
  A worm (D:2)
  A dart slug (D:1)
  4 leopard geckos
  An orc (D:3)
  6 bats
  3 giant cockroaches
  3 goblins
  11 hobgoblins
  7 jackals (D:2)
  A quokka (D:2)
  A ball python (D:2)
  5 frilled lizards
  9 kobolds
  5 rats
65 creatures vanquished.

Notes
Turn   | Place    | Note
-------+----------+-------------------------------------------
     0 | D:1      | Destapler the Demonspawn Monk began the quest for the Orb.
     0 | D:1      | Reached XP level 1. HP: 18/18 MP: 1/1
   189 | D:1      | Gained mutation: You have large cloven feet. [demonic
                  | ancestry]
   189 | D:1      | Reached XP level 2. HP: 22/25 MP: 2/2
   323 | D:1      | Reached skill level 4 in Fighting
   591 | D:1      | Gained mutation: You are slightly more attuned to the
                  | shadows. [demonic ancestry]
   591 | D:1      | Reached XP level 3. HP: 18/30 MP: 3/3
  1299 | D:2      | Reached XP level 4. HP: 38/38 MP: 4/4
  1309 | D:2      | Reached skill level 5 in Fighting
  1309 | D:2      | Reached skill level 1 in Shields
  1431 | D:2      | You fall into a shaft and drop 1 floor!
  1435 | D:3      | Gained mutation: You are immune to rotting. [demonic
                  | ancestry]
  1435 | D:3      | Reached XP level 5. HP: 44/44 MP: 5/5
  1482 | D:2      | Gained mutation: You have a pair of small antennae on your
                  | head. [potion of mutation]
  1482 | D:2      | Gained mutation: You are robust. (+10% HP) [potion of
                  | mutation]
  1483 | D:2      | Slain by a gnoll

Illustrated notes

Levels and vault maps discovered:
D:1:      dpeg_arrival_arbitrary_b, layout_basic, minmay_crystal_room
D:2:      layout_basic, uniq_jessica
D:3:      layout_basic

Skill      XL: |  1  2  3  4 |
---------------+-------------+-----
Fighting       | 4 5 |  5.2
Shields        | 2 |  2.2
Long Blades    | |  2.6
Dodging        | |  2.6
Stealth        | |  1.7

Action                   |  1- 3 |  4- 6 || total
-------------------------+-------+-------++-------
Melee: Falchion          |    94 |    48 ||   142
       Kick              |    22 |    19 ||    41
  Use: Potion            |       |     2 ||     2
 Stab: Sleeping          |     7 |     1 ||     8
  Eat: Chunk             |     1 |     1 ||     2
Armor: Robe              |    15 |     5 ||    20
Dodge: Dodged            |    68 |    69 ||   137
Block: Buckler           |     1 |    21 ||    22
       Rpst.: Falchion   |    30 |    16 ||    46
